 Dungeon Crawl Stone Soup version 0.24.0-37-gcf1ca852f1 (webtiles) character file.

Game seed: 14234920787850201980, levelgen mode: deterministic

451 vianorne the Ruffian (level 6, -5/50 HPs)
             Began as a Draconian Transmuter on Nov 24, 2019.
             Was an Initiate of Okawaru.
             Slain by a centaur
             ... wielding a cursed -3 shortbow
              (7 damage)
             ... on level 4 of the Dungeon.
             The game lasted 00:35:32 (3705 turns).

vianorne the Ruffian (Draconian Transmuter)         Turns: 3705, Time: 00:35:32

Health: -5/50      AC:  8    Str: 14    XL:     6   Next: 75%
Magic:  9/9        EV: 13    Int: 14    God:    Okawaru [......]
Gold:   196        SH:  0    Dex: 11    Spells: 8/9 levels left

rFire    . . .     SeeInvis .   s - +1 hand axe (freeze)
rCold    . . .     Gourm    .   (no shield)
rNeg     . . .     Faith    .   (armour unavailable)
rPois    .         Spirit   .   (helmet restricted)
rElec    .         Reflect  .   (no cloak)
rCorr    .         Harm     .   (no gloves)
MR       .....                  (no boots)
Stlth    ++........             (no amulet)
HPRegen  0.16/turn              v - +2 ring of protection
MPRegen  0.11/turn              (no ring)

@: lethally poisoned (-5 -> -6), about to teleport
A: unfitting armour, cold-blooded, AC +6
a: Renounce Religion


You were on level 4 of the Dungeon.
You worshipped Okawaru.
Okawaru was noncommittal.
You were not hungry.

You visited 1 branch of the dungeon, and saw 4 of its levels.

You collected 196 gold pieces.

Inventory:

Hand Weapons
 b - a +3 dagger
 d - a +0 club
 e - a +0 dagger
 f - a +0 mace
 i - a +0 club
 j - a +0 club
 k - a +0 dagger
 l - a +0 hunting sling
 m - a +0 club
 n - a +0 club
 o - a +0 dagger
 p - a +0 dagger
 r - a +0 club
 s - a +1 hand axe of freezing (weapon)
 t - a +0 hunting sling
 u - a +0 club
 w - a +0 club
 y - a +3 short sword
 z - a +0 club
 B - a +0 short sword
 C - a +0 glaive
 D - a +0 spear
 E - a +0 club
 H - a +0 trident
 J - a +0 scythe
Missiles
 a - 23 arrows
 g - 11 javelins (quivered)
 h - 37 stones
Armour
 A - a +0 scale mail
Jewellery
 v - a +2 ring of protection (left hand)
Scrolls
 q - a scroll of magic mapping
 G - a scroll of blinking
Potions
 x - a potion of lignification
 I - a potion of cancellation {unknown}
Comestibles
 c - 4 rations


   Skills:
 + Level 2.4 Fighting
 + Level 0.3 Short Blades
 + Level 3.2 Axes
 + Level 0.6(2.1) Maces & Flails
 + Level 1.6 Throwing
 + Level 3.4 Dodging
 + Level 2.1 Stealth
 + Level 3.7 Unarmed Combat
 + Level 2.2 Spellcasting
 + Level 2.4 Transmutations


You had 8 spell levels left.
You knew the following spells:

 Your Spells              Type           Power        Failure   Level  Hunger
a - Beastly Appendage     Tmut           #.....       9%          1    #......

Your spell library contained the following spells:

 Spells                   Type           Power        Failure   Level  Hunger
 Sticks to Snakes         Tmut           #.......     13%         2    ###....
 Spider Form              Tmut/Pois      #.........   38%         3    ###....
 Ice Form                 Ice/Tmut       #.......     80%         4    #####..
 Blade Hands              Tmut           #.........   93%         5    ######.


Dungeon Overview and Level Annotations

Branches:
Dungeon (4/15)
 Temple: D:4-7

Altars:
Cheibriados
Okawaru


Innate Abilities, Weirdness & Mutations

Your plain brown scales are hard. (AC +6)
You cannot fit into any form of body armour.
You are cold-blooded and may be slowed by cold attacks.


Message History

The centaur closely misses you.
The centaur hits you with a cursed -3 shortbow.
* * * LOW HITPOINT WARNING * * *
You hit the centaur but do no damage.
The centaur is moderately wounded.
The centaur hits you with a cursed -3 shortbow.
* * * LOW HITPOINT WARNING * * *
You hit the centaur. You freeze the centaur.
The centaur is almost dead.
The centaur barely misses you. The centaur closely misses you.
You barely miss the centaur.
The centaur is almost dead.
You feel sick.
The centaur hits you with a cursed -3 shortbow.
* * * LOW HITPOINT WARNING * * *
The centaur hits you but does no damage.
As you read the scroll of teleportation, it crumbles to dust.
You feel strangely unstable.
The centaur hits you with a cursed -3 shortbow!
You die...

..... ......
.....#####..######
......†.†.<.......
........##..######
.#####...#..#
.##.# #....[.#
../. #..##.## ...
#.####>.##.# #..
#(...@c(...# #..
######..####
#..#######..#
#.........(.#
#..(.(...((##
......########.#
##.._ ..# ##. ###
#


You could see a centaur.

Vanquished Creatures
  Sigmund (D:3)
  A centaur zombie (D:3)
  An orc priest (D:3)
  An orc wizard (D:3)
  Jessica (D:3)
  6 adders
  4 gnolls (D:3)
  A howler monkey skeleton (D:3)
  A worm (D:3)
  A dart slug (D:1)
  4 leopard geckos
  6 orcs (D:3)
  6 bats
  A giant cockroach (D:1)
  4 goblins
  7 hobgoblins
  10 jackals
  3 kobolds
  2 quokkas
  3 frilled lizards
  3 rats (D:1)
67 creatures vanquished.

Notes
Turn   | Place    | Note
-------+----------+-------------------------------------------
     0 | D:1      | vianorne the Draconian Transmuter began the quest for the
                  | Orb.
     0 | D:1      | Reached XP level 1. HP: 16/16 MP: 3/3
   363 | D:1      | Reached XP level 2. HP: 20/23 MP: 5/5
  1794 | D:3      | Reached XP level 3. HP: 26/28 MP: 6/6
  1828 | D:3      | Reached XP level 4. HP: 12/35 MP: 7/7
  1854 | D:3      | Reached skill level 1 in Stealth
  2129 | D:3      | Reached skill level 1 in Axes
  2140 | D:3      | Reached XP level 5. HP: 16/41 MP: 8/8
  2771 | D:3      | Reached skill level 1 in Throwing
  3352 | D:3      | Found an iron altar of Okawaru.
  3356 | D:3      | Became a worshipper of Warmaster Okawaru
  3425 | D:3      | Noticed Jessica
  3432 | D:3      | Killed Jessica
  3485 | D:3      | Noticed Sigmund
  3487 | D:3      | Reached XP level 6. HP: 42/48 MP: 9/9
  3506 | D:3      | Killed Sigmund
  3664 | D:4      | Found a snail-covered altar of Cheibriados.
  3704 | D:4      | HP: 2/50 [centaur/cursed -3 shortbow (2)]
  3705 | D:4      | Slain by a centaur

Levels and vault maps discovered:
D:1:      dpeg_arrival_ternary, layout_basic
D:2:      layout_basic
D:3:      cheibrodos_pilgrimage, layout_basic, marbit_many_paths, uniq_sigmund,
          uniq_jessica
D:4:      layout_loops_ring, cheibriados_altar_1, first_ration

Skill      XL: |  1  2  3  4  5  6 |
---------------+-------------------+-----
Dodging        | 2 3 |  3.4
Stealth        | 1 2 |  2.1
Axes           | 1 2 3 |  3.2
Fighting       | 2 |  2.4
Throwing       | 1 |  1.6
Short Blades   | |  0.3
Maces & Flails | |  0.6
Unarmed Combat | |  3.7
Spellcasting   | |  2.2
Transmutations | |  2.4

Action                   |  1- 3 |  4- 6 || total
-------------------------+-------+-------++-------
Melee: Club              |    40 |       ||    40
       Unarmed           |    16 |       ||    16
       Tailslap          |     6 |    10 ||    16
       Hand axe          |    23 |   151 ||   174
       Dagger            |    11 |       ||    11
       Punch             |     1 |     2 ||     3
       Kick              |       |     2 ||     2
       Headbutt          |       |     1 ||     1
Throw: Stone             |     6 |       ||     6
       Javelin           |     3 |    21 ||    24
 Cast: Beastly Appendage |     1 |     2 ||     3
  Use: Potion            |     4 |     2 ||     6
       Scroll            |     4 |     3 ||     7
 Stab: Sleeping          |     1 |     1 ||     2
  Eat: Ration            |     1 |     2 ||     3
Armor: Skin              |    31 |    62 ||    93
Dodge: Dodged            |    48 |   124 ||   172
